 Dungeon Crawl Stone Soup version 0.30-a0-424-g7412bad402 (webtiles) character file.

Game seed: 10881712557365939399

2 jt the Sneak (level 1, -6/18 HPs)
             Began as a Demonspawn Delver on Dec 9, 2022.
             Mangled by Duvessa
             ... wielding a +0 rapier
              (12 damage)
             ... on level 4 of the Dungeon.
             The game lasted 00:00:47 (135 turns).

jt the Sneak (Demonspawn Delver)                     Turns: 135, Time: 00:00:48

Health: -6/18      AC:  3    Str: 12    XL:     1   Next: 25%
Magic:  1/1        EV: 11    Int: 11    God:
Gold:   0          SH:  0    Dex: 14    Spells: 0/0 levels left

rFire   + . .      SeeInvis .    a - +0 hand axe
rCold   . . .      Faith    .    (no shield)
rNeg    . . .      Spirit   .    b - +0 leather armour
rPois   .          Reflect  .    (no helmet)
rElec   .          Harm     .    (no cloak)
rCorr   .          Rampage  .    (no gloves)
Will    .....                    (no boots)
Stlth   ++........               (no amulet)
HPRegen 0.23/turn                e - ring of protection from fire
MPRegen 0.07/turn                (no ring)

@: hasted, very quick
A: no striking features
a: no special abilities


You were on level 4 of the Dungeon.
You visited 1 branch of the dungeon, and saw 2 of its levels.

Inventory:

Hand Weapons
 a - a +0 hand axe (weapon)
 h - a +0 flail
Armour
 b - a +0 leather armour (worn)
Jewellery
 e - a ring of protection from fire (left hand)
 i - a ring of fire
Wands
 g - a wand of digging (3)
Scrolls
 c - a scroll of fog
 d - a scroll of magic mapping


   Skills:
 - Level 3.0 Fighting
 + Level 2.0 Axes
 - Level 1.7 Dodging
 - Level 4.5 Stealth


You couldn't memorise any spells.
You didn't know any spells.
Your spell library was empty.

Dungeon Overview and Level Annotations

Branches:
Dungeon (5/15)
 Temple: D:4-7

Altars:

Annotations:
D:4 Dowan, Duvessa


Message History

You hit the worm.
The worm is lightly wounded.
Found a cabochon ring.
You see here a ring of protection from fire.
e - a ring of protection from fire
e - a ring of protection from fire (left hand) Duvessa, Dowan and 2 orcs come into view.
Dowan is wielding a +2 dagger of electrocution.
Found 10 gold pieces.
Found a stone staircase leading up.
The orc shouts!
An orc comes into view. It is wielding a +0 dagger.
You feel yourself speed up.
Duvessa shouts!
The orc shouts!
You hit the orc but do no damage. The orc barely misses you.
Duvessa gestures with her weapon.
Sorry, you're not good enough to have a special ability.
Unknown command.
Okay, then.
You hit the worm.
The worm is lightly wounded.
The worm closely misses you.
You hit the worm but do no damage.
The worm is lightly wounded.
You hit the worm.
The worm is moderately wounded.
You slash the worm!
The worm is severely wounded.
The worm bites you.
You hit the worm but do no damage.
The worm is severely wounded.
You hit Duvessa but do no damage. Duvessa hits you with a +0 rapier.
You hit the worm.
The worm is almost dead.
You hit Duvessa but do no damage. The worm bites you.
* * * LOW HITPOINT WARNING * * *
You hit the worm.
The worm is almost dead.
You hit Duvessa but do no damage. Duvessa hits you with a +0 rapier!
Ouch! That really hurt!
You die...

.###.oo#### . #
#. ......o.o.#
..#. ##..
#########.#
..###.! #o#
#J..#.# #.#
#.#...# #.#
##.##..## #o#
#.....>.. #e#
#....#### #@#
#....# #w#
#....#
#.#########.###
#......w....#
#############


You could see Duvessa, a worm and 3 orcs.

Vanquished Creatures
  An orc (D:5)
1 creature vanquished.

Notes
Turn   | Place    | Note
-------+----------+-------------------------------------------
     0 | D:5      | jt the Demonspawn Delver began the quest for the Orb.
     0 | D:5      | Reached XP level 1. HP: 18/18 MP: 1/1
    83 | D:5      | Noticed an iguana
   116 | D:4      | Noticed Duvessa
   116 | D:4      | Noticed Dowan
   135 | D:4      | Mangled by Duvessa

Illustrated notes

Levels and vault maps discovered:
D:4:      layout_basic, minmay_temple_entry_wispy, serial_park_tiny_1,
          uniq_duvessa
D:5:      gammafunk_wand_slinger, layout_loops_ring,
          dreamdust_divine_triumvirate, lemuel_blue_sif_altar, serial_shops,
          nicolae_shop_bloodbath_and_beyond

Skill      XL: |  1 |
---------------+----+-----
Axes           | 2 |  2.0
Fighting       | |  3.0
Dodging        | |  1.7
Stealth        | |  4.5

Action                   || total
-------------------------++-------
Melee: Hand axe          ||    13
  Use: Scroll            ||     1
       Potion            ||     1
 Stab: Sleeping          ||     2
Dodge: Dodged            ||     4

Table legend: (Time is in decaauts)
 A = Elapsed time spent in this place.
 B = Non-inter-level travel time spent in this place.
 C = Inter-level travel time spent in this place.
 D = Time resting spent in this place.
 E = Time spent auto-exploring this place.
 F = Levels seen in this place.
 G = Mean time per level.
                   A        B        C        D        E       F      G
               +--------+--------+--------+--------+--------+-----+--------+
         Total |    130 |    130 |      0 |     15 |      0 |   2 |   65.0 |
       Dungeon |    130 |    130 |      0 |     15 |      0 |   2 |   65.0 |
               +--------+--------+--------+--------+--------+-----+--------+

Top non-repeatable levels by time:
     D:5: 90 daAuts
     D:4: 39 daAuts
